 Dungeon Crawl Stone Soup version 0.23.2 (webtiles) character file.

Game seed: 11677397977572021246

9897 Borgoz the Blocker (level 11, -3/68 HPs)
             Began as a Gargoyle Fighter on Mar 31, 2019.
             Was a Follower of Ashenzari.
             Slain by a troll (6 damage)
             ... on level 10 of the Dungeon.
             The game lasted 00:25:31 (9040 turns).

Borgoz the Blocker (Gargoyle Fighter)               Turns: 9040, Time: 00:25:33

Health: -3/68      AC: 17    Str: 27    XL:     11   Next: 53%
Magic:  11/11      EV: 14    Int:  6    God:    Ashenzari [*.....]
Gold:   72         SH: 12    Dex: 12    Spells: 10/10 levels left

rFire    . . .     SeeInvis +   a - +9 dagger (venom)
rCold    + . .     Gourm    .   c - +0 shield
rNeg     + . .     Faith    .   y - +1 leather armour "Garoeb" {rPois rC+ Str+6 Int-4} (curse)
rPois    ∞         Spirit   .   i - +0 mask of the Dragon {MR+ Slay+3 SInv}
rElec    +         Reflect  .   w - +2 cloak
rCorr    .         Harm     .   (no gloves)
MR       +....                  z - +0 pair of boots (curse)
Stlth    +++.......             (no amulet)
HPRegen  0.21/turn              h - +2 ring of strength
MPRegen  0.12/turn              (no ring)

@: studying Shields
A: negative energy resistance 1, electricity resistance, unbreathing,
petrification resistance, rot immunity, AC +8
a: Curse Item, Scrying, Renounce Religion


You were on level 10 of the Dungeon.
You worshipped Ashenzari.
Ashenzari was aware of your devotion.
You were hungry.

You visited 2 branches of the dungeon, and saw 11 of its levels.

You collected 622 gold pieces.
You spent 550 gold pieces at shops.

Inventory:

Hand Weapons
 a - a +9 dagger of venom (weapon)
 b - a +2 dagger of holy wrath
 p - a +2 dagger of electrocution
 u - a +0 rapier
 A - a +0 rapier
 C - a +3 dagger
Missiles
 m - 4 javelins (quivered)
 B - 4 tomahawks
Armour
 c - a +0 shield (worn)
 i - the +0 mask of the Dragon (worn) {MR+ Slay+3 SInv}
   (You bought it in a shop on level 9 of the Dungeon)

   It affects your accuracy and damage with ranged weapons and melee attacks
   (+3).
   It affects your resistance to hostile enchantments.
   It lets you see invisible.
 w - a +2 cloak (worn)
 x - a +0 troll leather armour
 y - the cursed +1 leather armour "Garoeb" (worn) {rPois rC+ Str+6 Int-4}
   (You found it on level 4 of the Dungeon)

   It affects your strength (+6).
   It affects your intelligence (-4).
   It protects you from cold.
   It protects you from poison.
   It has a curse placed upon it.
 z - a cursed +0 pair of boots (worn)
Jewellery
 h - a +2 ring of strength (left hand)
Wands
 v - a wand of enslavement (10)
Scrolls
 e - 2 scrolls of amnesia
 g - a scroll of fear
 j - 6 scrolls of teleportation
 k - 2 scrolls of blinking
 s - 4 scrolls of remove curse
 t - 4 scrolls of fog
 E - 2 scrolls of noise {unknown}
 G - 2 scrolls of magic mapping {unknown}
 I - a scroll of identify
Potions
 d - a potion of might
 l - 4 potions of flight
 n - 4 potions of mutation
 o - 4 potions of curing
 q - 4 potions of agility
 r - a potion of ambrosia
 F - 2 potions of invisibility
 H - a potion of heal wounds
Books
 D - a manual of Shields
Comestibles
 f - 17 rations


   Skills:
 + Level 7.7 Fighting
 * Level 8.5 Short Blades
 + Level 7.7 Armour
 * Level 7.4 Dodging
 + Level 7.3 Stealth
 + Level 9.6 Shields


You had 10 spell levels left.
You didn't know any spells.
Your spell library contained the following spells:

 Spells                   Type           Power        Failure   Level  Hunger
 Freeze                   Ice            #...         73%         1    ##.....
 Throw Frost              Conj/Ice       #.....       86%         2    ###....
 Ozocubu's Armour         Chrm/Ice       #.......     97%         3    ####...
 Summon Ice Beast         Ice/Summ       #.......     100%        4    #####..
 Throw Icicle             Conj/Ice       #.......     100%        4    #####..


Dungeon Overview and Level Annotations

Branches:
Dungeon (10/15)            Temple (1/1) D:4            Lair (0/6) D:8
    Orc: D:9-12

Altars:
Ashenzari
Cheibriados
Dithmenos
Elyvilon
Fedhas
Gozag
Hepliaklqana
Kikubaaqudgha
Makhleb
Nemelex Xobeh
Okawaru
Qazlal
Ru
Sif Muna
Trog
Uskayaw
Vehumet
Wu Jian
Xom
Yredelemnul
Zin
The Shining One

Shops:
D:5 ?   D:8 *   D:9 [   D:10 *[([

Annotations:
D:10 3 runed translucent doors, dhn's ghost, journeyman MiFi


Innate Abilities, Weirdness & Mutations

You are resistant to torment.
Your stone body is resilient. (AC +8)
You are immune to poison.
You resist negative energy. (rN+)
You are resistant to electric shocks. (rElec)
You can survive without breathing.
You are immune to petrification.
You are immune to rotting.


Message History

The troll is moderately wounded.
You puncture the troll!
The troll looks as sick as possible!
The troll is heavily wounded.
The troll barely misses you. You block the troll's attack. x2
You puncture the troll!
The troll looks as sick as possible!
The troll is severely wounded.
You are feeling hungry.
The troll misses you. The troll claws you.
* * * LOW HITPOINT WARNING * * *
You block the troll's attack.
You hit the troll but do no damage.
The troll is severely wounded.
You hit the troll.
The troll looks as sick as possible!
The troll is almost dead.
The troll bites you!
* * * LOW HITPOINT WARNING * * *
The troll claws you.
* * * LOW HITPOINT WARNING * * *
The troll claws you.
You die...

#######.......#.###.##.#.#..#
#.#
#...........................#
###
#...........÷...............#
#...........................#
#...........................#
≈≈≈≈≈≈≈≈≈≈≈≈≈≈.≈≈≈≈≈≈≈≈≈≈≈..#
≈≈≈≈≈≈≈≈#####≈.≈≈≈≈≈≈≈≈≈≈≈≈≈≈≈
≈≈≈≈≈≈≈≈# #≈.≈#####≈≈≈≈≈≈≈≈≈≈
≈≈≈≈≈≈≈≈# +...@T.$#≈≈≈≈≈≈≈≈≈≈
≈≈≈≈≈≈≈≈#####≈.≈#...# ≈≈≈
#≈≈≈≈≈≈≈≈≈≈≈≈≈.≈#####≈
#...≈≈≈≈≈≈≈≈≈≈.≈≈≈≈≈≈≈
#.)...................
#.....................
#.....................
#.....................
#########...####.##..#


You could see a troll.

Vanquished Creatures
  A deep elf mage (D:9)
  9 trolls
  2 hornets (D:9)
  4 hippogriffs
  A wraith (D:9)
  A wyvern (D:8)
  4 yaks
  A vampire (D:10)
  Menkaure (D:7)
  A soldier ant (D:9)
  A water moccasin (D:9)
  Duvessa (D:5)
  4 ice beasts
  2 phantoms (D:8)
  2 sky beasts
  3 orc warriors
  2 black bears
  An eye of draining (D:10)
  A wolf (D:7)
  4 ogres
  5 centaurs
  3 big kobolds
  3 bullfrogs
  A water moccasin zombie (D:6)
  Dowan (D:5)
  A scorpion (D:9)
  7 wights
  8 howler monkeys
  7 electric eels
  2 bullfrog zombies
  6 crimson imps
  A quasit (D:6)
  7 hounds
  5 orc priests
  10 orc wizards
  2 bullfrog skeletons
  Terence (D:3)
  2 iguanas
  8 worker ants
  A hound zombie (D:6)
  A hound skeleton (D:7)
  A worker ant zombie (D:6)
  Robin (D:3)
  14 adders
  2 shadow imps
  2 oozes
  An adder zombie (D:9)
  An adder skeleton (D:5)
  2 worms
  2 dart slugs
  5 leopard geckos
  35 orcs
  A ball python (D:1)
  10 bats
  3 giant cockroaches
  16 goblins
  9 hobgoblins
  10 jackals
  4 quokkas
  A ball python zombie (D:5)
  4 frilled lizards
  20 kobolds
  A quokka skeleton (D:5)
  9 rats
282 creatures vanquished.

Notes
Turn   | Place    | Note
-------+----------+-------------------------------------------
     0 | D:1      | Borgoz the Gargoyle Fighter began the quest for the Orb.
     0 | D:1      | Reached XP level 1. HP: 14/14 MP: 1/1
   197 | D:1      | Reached XP level 2. HP: 19/19 MP: 2/2
   474 | D:1      | Reached XP level 3. HP: 20/23 MP: 3/3
   627 | D:2      | Reached skill level 1 in Dodging
   854 | D:2      | Reached skill level 1 in Stealth
  1172 | D:3      | Noticed Robin
  1190 | D:3      | Reached XP level 4. HP: 25/28 MP: 4/4
  1222 | D:3      | Killed Robin
  1269 | D:3      | Noticed Terence
  1277 | D:3      | Killed Terence
  1303 | D:3      | Reached XP level 5. HP: 23/33 MP: 5/5
  1427 | D:3      | Found an opulent altar of Gozag.
  1477 | D:3      | Reached skill level 4 in Shields
  1583 | D:3      | Found a faded altar of an unknown god.
  1607 | D:3      | Found a shadowy altar of Dithmenos.
  2320 | D:4      | Found a staircase to the Ecumenical Temple.
  2339 | D:4      | Found a hazy altar of Hepliaklqana.
  2364 | Temple   | Entered the Ecumenical Temple
  2536 | Temple   | Became a worshipper of Ashenzari the Shackled
  2618 | D:4      | Reached XP level 6. HP: 38/38 MP: 6/6
  2848 | D:4      | Got the cursed leather armour "Garoeb" {rPois rC+ Str+6
                  | Int-4}
  2967 | D:4      | Found a deep blue altar of Sif Muna.
  3329 | D:5      | Entered Level 5 of the Dungeon
  3342 | D:4      | Identified the cursed +1 leather armour "Garoeb" {rPois rC+
                  | Str+6 Int-4} (You found it on level 4 of the Dungeon)
  3558 | D:5      | Reached XP level 7. HP: 43/43 MP: 7/7
  3844 | D:5      | Found a basalt altar of Yredelemnul.
  3858 | D:5      | Found Toyrgh's Magic Scroll Emporium.
  3886 | D:5      | Bought a scroll of identify for 30 gold pieces
  3886 | D:5      | Bought a scroll of identify for 30 gold pieces
  3900 | D:5      | Bought 3 scrolls of identify for 90 gold pieces
  4066 | D:5      | Noticed Dowan
  4069 | D:5      | Noticed Duvessa
  4080 | D:5      | Killed Dowan
  4091 | D:5      | Killed Duvessa
  4172 | D:5      | Reached XP level 8. HP: 42/48 MP: 8/8
  4580 | D:6      | Reached skill level 5 in Armour
  4580 | D:6      | Reached skill level 5 in Shields
  4606 | D:6      | Reached skill level 5 in Fighting
  4628 | D:6      | Reached skill level 5 in Short Blades
  5098 | D:6      | Reached XP level 9. HP: 54/54 MP: 9/9
  5269 | D:7      | Found a glowing silver altar of Zin.
  5340 | D:7      | Reached skill level 6 in Shields
  5369 | D:7      | Reached * piety under Ashenzari
  5414 | D:7      | Noticed Menkaure
  5421 | D:7      | Killed Menkaure
  5427 | D:7      | Found a shimmering altar of Xom.
  5429 | D:7      | Found a shimmering altar of Xom.
  5430 | D:7      | Found a shimmering altar of Xom.
  5430 | D:7      | Found a shimmering altar of Xom.
  5566 | D:7      | Noticed a yaktaur
  5591 | D:7      | Reached skill level 5 in Dodging
  5656 | D:7      | Noticed a swamp dragon
  5668 | D:8      | Reached skill level 5 in Stealth
  5691 | D:7      | Noticed a wind drake
  5691 | D:7      | a swamp dragon changed into a wind drake
  5700 | D:7      | Noticed a jumping spider
  5700 | D:7      | a wind drake changed into a jumping spider
  5816 | D:8      | Noticed a troll
  5830 | D:7      | Noticed a komodo dragon
  5830 | D:7      | Noticed a fire crab
  5845 | D:7      | Noticed a harpy
  5845 | D:7      | a komodo dragon changed into a harpy
  5860 | D:7      | Killed a troll
  5860 | D:7      | Reached skill level 7 in Shields
  5893 | D:8      | Found a staircase to the Lair.
  6141 | D:7      | Noticed an eye of devastation
  6141 | D:7      | Noticed a rime drake
  6186 | D:8      | Noticed a troll
  6371 | D:8      | Killed a troll
  6371 | D:8      | Reached XP level 10. HP: 36/60 MP: 10/10
  6566 | D:8      | Found a sacrificial altar of Ru.
  6733 | D:8      | Found Mygrip's Assorted Antiques.
  7175 | D:9      | Reached skill level 8 in Shields
  7272 | D:9      | Found Eleceybe's Armour Shoppe.
  7515 | D:9      | Found a bloodstained altar of Trog.
  7651 | D:9      | Found a radiant altar of Vehumet.
  7776 | D:9      | Noticed a deep elf mage
  7791 | D:9      | Killed a deep elf mage
  7791 | D:9      | Reached XP level 11. HP: 60/67 MP: 11/11
  8016 | D:9      | Found a shadowy altar of Dithmenos.
  8045 | D:9      | Reached skill level 9 in Shields
  8330 | D:10     | Entered Level 10 of the Dungeon
  8363 | D:10     | Found Naadiem's Weapon Shop.
  8397 | D:9      | Bought the +0 mask of the Dragon {MR+ Slay+3 SInv} for 400
                  | gold pieces
  8397 | D:9      | Found the +0 mask of the Dragon {MR+ Slay+3 SInv}
  8518 | D:10     | Found Tubuim's General Store.
  8586 | D:10     | Found Womurgh's Antique Armour Shop.
  8695 | D:10     | Found Hyodij's Antique Armour Shoppe.
  8851 | D:10     | Found a runed translucent gate.
  8851 | D:10     | Found a runed translucent gate.
  8851 | D:10     | Found an opulent altar of Gozag.
  8851 | D:10     | Found a runed translucent gate.
  8852 | D:10     | Noticed a cyclops
  8852 | D:10     | Noticed dhn's ghost (journeyman MiFi)
  8853 | D:10     | Noticed a sphinx
  9040 | D:10     | HP: 3/68 [troll (3)]
  9040 | D:10     | Slain by a troll

Skill      XL: |  1  2  3  4  5  6  7  8  9 10 11 |
---------------+----------------------------------+-----
Short Blades   | 2 3 4 5 6 7 8 |  8.5
Dodging        | 1 2 3 4 5 6 7 |  7.4
Stealth        | 1 2 3 4 5 6 7 |  7.3
Shields        | 4 5 7 8 9 |  9.6
Armour         | 4 5 6 7 |  7.7
Fighting       | 4 5 6 7 |  7.7

Action                   |  1- 3 |  4- 6 |  7- 9 | 10-12 || total
-------------------------+-------+-------+-------+-------++-------
Melee: Rapier            |   164 |    42 |       |       ||   206
       Dagger            |       |   132 |   312 |   380 ||   824
  Use: Scroll            |       |       |    16 |     3 ||    19
       Potion            |       |       |     4 |     1 ||     5
 Stab: Sleeping          |       |       |     5 |    16 ||    21
       Distracted        |       |       |       |     1 ||     1
  Eat: Chunk             |     1 |     4 |     9 |     9 ||    23
       Ration            |       |     1 |       |       ||     1
Armor: Scale mail        |    86 |    56 |       |       ||   142
       Leather armour    |       |     8 |    89 |    78 ||   175
Dodge: Dodged            |    64 |    28 |   101 |   125 ||   318
Block: Shield            |    83 |    63 |   149 |   142 ||   437
